 Dungeon Crawl Stone Soup version 0.31-a0-37-g98a128e1d9 (webtiles) character file.

Game seed: 10473694561179214823

60 pk666 the Firebug (level 3, 0/19 HPs)
             Began as a Deep Elf Fire Elementalist on May 15, 2023.
             Succumbed to an adder's poison
             ... on level 2 of the Dungeon.
             The game lasted 00:02:44 (1623 turns).

pk666 the Firebug (Deep Elf Fire Elementalist)      Turns: 1623, Time: 00:02:45

Health: 0/19       AC:  3    Str:  5    XL:     3   Next: 82%
Magic:  3/10       EV: 13    Int: 21    God:
Gold:   64         SH:  0    Dex: 15    Spells: 3/9 levels left

rFire   . . .        (no weapon)
rCold   . . .        (no shield)
rNeg    . . .        a - +0 robe
rPois   .            (no helmet)
rElec   .            (no cloak)
rCorr   .            (no gloves)
SInv    .            d - +0 pair of boots
Will    .....        (no amulet)
Stlth   ++           (no ring)
HPRegen 0.23/turn    (no ring)
MPRegen 0.12/turn

%: no passive effects
@: lethally poisoned (0 -> -1)
A: no striking features
a: no special abilities


You were on level 2 of the Dungeon.
You visited 1 branch of the dungeon, and saw 2 of its levels.

You collected 64 gold pieces.

Inventory:

Armour
 a - a +0 robe (worn)
 d - a +0 pair of boots (worn)
Scrolls
 c - a scroll of amnesia
 e - a scroll of fear {unknown}
 f - a scroll of teleportation {unknown}
 g - 2 scrolls of identify {unknown}
Potions
 b - a potion of magic


   Skills:
 - Level 3.0 Dodging
 - Level 2.4 Stealth
 + Level 3.7 Spellcasting
 * Level 2.2 Conjurations
 + Level 3.8 Fire Magic
 * Level 0.5 Air Magic
 * Level 0.6 Poison Magic


You had 3 spell levels left.
You knew the following spells:

 Your Spells              Type           Power      Damage    Failure   Level
a - Foxfire               Conj/Fire      64%        2x1d7     3%          1
b - Scorch                Fire           38%        2d7       3%          2
c - Mephitic Cloud        Conj/Pois/Air  8%         N/A       24%         3

Your spell library contained the following spells:

 Spells                   Type           Power      Damage    Failure   Level
 Magic Dart               Conj           52%        1d5       4%          1
 Summon Small Mammal      Summ           12%        N/A       12%         1
 Inner Flame              Hex/Fire       11%        N/A       17%         3
 Volatile Blastmotes      Fire/Tloc      22%        2d11      17%         3
 Call Imp                 Summ           6%         N/A       19%         2
 Call Canine Familiar     Summ           3%         N/A       36%         3
 Summon Guardian Golem    Hex/Summ       3%         N/A       36%         3
 Flame Wave               Conj/Fire      16%        2d7       34%         4


Dungeon Overview and Level Annotations

Branches:
Dungeon (2/15)

Altars:


Message History

The adder poisons you!
The foxfire hits the kobold.
The kobold is moderately wounded.
You feel sick. The adder bites you.
You are more poisoned.
The adder poisons you!
Casting: Foxfire (safe; 3% risk of failure)
Confirm with . or Enter, or press ? or * to list all spells.
Flames lash the adder.
You kill the adder!
You feel sick.
The kobold hits you with a +0 short sword.
* * * LOW HITPOINT WARNING * * *
Casting: Scorch (safe; 4% risk of failure)
Confirm with . or Enter, or press ? or * to list all spells.
Flames lash the kobold.
You kill the kobold!
* * * LOW HITPOINT WARNING * * *
You feel sick.
Unknown command.
Okay, then.
As you read the scroll labelled PECHAK DUSON, it crumbles to dust.
It is a scroll of amnesia.
Really abort (and waste the scroll)?
Okay, then.
* * * LOW HITPOINT WARNING * * *
You feel sick.
Your foxfire dissipates!
* * * LOW HITPOINT WARNING * * *
You feel sick.
Things that are here:
a +0 short sword; 2 stones; a kobold corpse
Found a scroll labelled JILIOC COPHE.
* * * LOW HITPOINT WARNING * * *
You feel sick.
You see here a scroll labelled KUTETY EKYUVUA.
* * * LOW HITPOINT WARNING * * *
You feel sick.
* * * LOW HITPOINT WARNING * * *
You feel sick.
You die...

.# .# .... .## #..#
..#### #..# >. ..# #
#.#?.# .###.# #.#.#..#
..##.## #.#.#..# ..##..#
#......# #...#.#
#...>@######
###...#######.........##
# ##.......####..####...
# ##...##.....†?.......
# ###.#######.)...###. #
#.# #.###.###
#######.#######........
.......>..†.....###.###
#######..######.#


There were no monsters in sight!

Vanquished Creatures
  2 adders (D:2)
  5 ball pythons (D:1)
  9 endoplasms
  2 giant cockroaches (D:1)
  4 goblins
  A hobgoblin (D:1)
  4 jackals (D:1)
  A bat (D:1)
  2 frilled lizards (D:1)
  4 kobolds
  2 rats
36 creatures vanquished.

Vanquished Creatures (others)
  122 foxfires
122 creatures vanquished.

Grand Total: 158 creatures vanquished

Notes
Turn   | Place    | Note
-------+----------+-------------------------------------------
     0 | D:1      | pk666 the Deep Elf Fire Elementalist began the quest for
                  | the Orb.
     0 | D:1      | Reached XP level 1. HP: 10/10 MP: 6/6
   542 | D:1      | Reached XP level 2. HP: 11/15 MP: 5/8
   685 | D:1      | Learned a level 2 spell: Scorch
  1073 | D:1      | Reached XP level 3. HP: 19/19 MP: 7/10
  1504 | D:1      | Learned a level 3 spell: Mephitic Cloud
  1623 | D:2      | Succumbed to an adder's poison

Illustrated notes

Levels and vault maps discovered:
D:1:      dpeg_arrival_radiant, layout_loops_ring
D:2:      layout_rooms, dreamdust_ecumenical_altar_drowned_temple, uniq_robin

Skill      XL: |  1  2  3 |
---------------+----------+-----
Dodging        | 3 |  3.0
Conjurations   | 2 |  2.2
Stealth        | |  2.4
Spellcasting   | |  3.7
Fire Magic     | |  3.8
Air Magic      | |  0.5
Poison Magic   | |  0.6

Action                     || total
---------------------------++-------
   Cast: Foxfire           ||    86
         Scorch            ||     2
    Use: Scroll            ||     1
 Armour: Robe              ||     3
  Dodge: Dodged            ||    19

Table legend: (Time is in decaauts)
 A = Elapsed time spent in this place.
 B = Non-inter-level travel time spent in this place.
 C = Inter-level travel time spent in this place.
 D = Time resting spent in this place.
 E = Time spent auto-exploring this place.
 F = Levels seen in this place.
 G = Mean time per level.
                   A        B        C        D        E       F      G
               +--------+--------+--------+--------+--------+-----+--------+
         Total |   1622 |   1603 |     19 |    288 |   1053 |   2 |  811.0 |
       Dungeon |   1622 |   1603 |     19 |    288 |   1053 |   2 |  811.0 |
               +--------+--------+--------+--------+--------+-----+--------+

Top non-repeatable levels by time:
     D:1: 1505 daAuts
     D:2: 117 daAuts
